[Event "Romanian Championship 2024"]
[Site "Eforie Nord"]
[Date "2024.02.26"]
[Round "3.9"]
[White "Armenciu, Bogdan-Ovidiu"]
[Black "Secheres, Adrian-Simion"]
[Result "1-0"]
[ECO "C55"]
[WhiteElo "1936"]
[BlackElo "2371"]
[Annotator "TA"]
[PlyCount "115"]
[EventDate "2024.02.24"]
[EventType "swiss"]
[EventCountry "ROU"]
[SourceTitle "playchess.com"]
[Source "ChessBase"]
[SourceQuality "1"]
[TimeControl "40/5400+30:900+30"]

1. e4 e5 2. Nf3 Nc6 3. Bc4 Nf6 4. d3 Be7 5. Nc3 O-O 6. O-O d6 7. a4 a5 8. h3 h6 9. Nd5 {[%emt 0:13:04] Weiß steht etwas besser.} Re8 10. Re1 Bf8 11. c3 Be6 12. Qb3 Rb8 13. Be3 Bxd5 14. exd5 Ne7 15. Ba7 Ra8 16. Qxb7 Qc8 17. Qxc8 Rexc8 18. Be3 Nexd5 19. Bd2 Nb6 20. Bb3 Re8 21. Bc2 Nbd7 22. b4 d5 23. b5 Bd6 24. Nh4 e4 25. Nf5 exd3 26. Bxd3 Bc5 27. Bf4 {[%emt 0:01:40] Weiß steht aktiver.} Bb6 $1 28. Ne7+ Kf8 29. Nc6 Nc5 30. Bc2 Nce4 31. Be3 Nxc3 32. Bxb6 (32. Rac1 $11) 32... cxb6 $17 33. f3 Nd7 34. Kf2 Nc5 35. Ra3 (35. Rxe8+ $17 {war einen Versuch wert.} Rxe8 36. Nd4) 35... Rxe1 $19 36. Kxe1 Re8+ 37. Kd2 {[%emt 0:00:24] [#]} Ne2 {[%emt 0:00:38] Hervorragende Reitkunst.} 38. Re3 Nf4 39. Rxe8+ Kxe8 $17 {[%emt 0:00:06][%mdl 4096] Endspiel. KBN-KNN} 40. Ke3 $2 (40. g3 Nh5 (40... Nxh3 $2 41. Na7 $19) 41. g4) 40... Nxg2+ $19 41. Kd4 Nf4 42. Ke5 Nce6 43. Kd6 d4 (43... Nxh3 $142 44. Ne5 Nhf4) 44. Ne5 d3 $2 (44... Nxh3 $19 {Droht ...Nhf4 und aus.} 45. Kc6 Nhf4 (45... f6 46. Nd3 $15) 46. Kxb6 h5 (46... f6 47. Nd3 $15) 47. Kxa5 h4) 45. Bxd3 $11 f6 46. Nd7 Nxd3 47. Kxe6 {[%emt 0:00:06] KN-KN} Nf4+ 48. Kd6 Nxh3 $2 {[%emt 0:00:38][%mdl 8192] Danach kann Schwarz die Partie nicht mehr halten.} (48... Nd5 $11) 49. Nxb6 $18 Ng5 50. Nc4 Kd8 51. Nxa5 {[%emt 0:00:21] [#] Schwarz muss nun Nc6+ beachten.} h5 52. b6 Nf7+ 53. Kc5 {[%emt 0:01:14] Weiss droht Nc6+ und Matt.} h4 54. Nc6+ {[%emt 0:00:52] Weiß setzt Matt.} Kc8 55. a5 Kb7 56. Nb4 Nd8 57. a6+ Ka8 58. Kd6 {[%emt 0:02:12] Gewichteter Fehlerwert: Weiß=0.16 (sehr präzise) /Schwarz=0.31.  Verlustzug:     	---       	Schwarz=1     Gewinn verpasst:   	---       	Schwarz=1     Fehler:       	Weiß=3     	Schwarz=1     Ungenau:       	Weiß=2     	Schwarz=1     OK:         	Weiß=19    	Schwarz=18    Bester:       	Weiß=4     	Schwarz=5     Stark:        	---       	Schwarz=1} 1-0

[Event "Romanian Championship 2024"]
[Site "Eforie Nord"]
[Date "2024.02.26"]
[Round "3.10"]
[White "Coicev, Matei-Andrei"]
[Black "David, Alexandru-Vasile"]
[Result "1/2-1/2"]
[ECO "B30"]
[WhiteElo "2122"]
[BlackElo "2360"]
[Annotator "TA"]
[PlyCount "75"]
[EventDate "2024.02.24"]
[EventType "swiss"]
[EventCountry "ROU"]
[SourceTitle "playchess.com"]
[Source "ChessBase"]
[SourceQuality "1"]
[TimeControl "40/5400+30:900+30"]

1. e4 c5 2. Nf3 Nc6 3. Bb5 e6 4. O-O Nge7 5. d4 cxd4 6. Nxd4 Qb6 7. Nxc6 bxc6 8. Be2 Ng6 9. c4 {[%emt 0:01:01] White has an edge.} Be7 10. Nc3 c5 11. Rb1 O-O 12. Be3 Qc7 13. Qd2 d6 14. Rfd1 Bb7 15. f3 Rfd8 16. Qe1 Bf6 17. Rbc1 Qe7 18. Qf2 Ne5 19. f4 Ng6 20. e5 dxe5 {[%emt 0:00:35] [#] Threatens to win with ...Bh4.} 21. Bxc5 Qe8 22. fxe5 $1 Bxe5 23. Bf3 Rxd1+ 24. Rxd1 Qc8 25. Bxb7 Qxb7 26. Bd4 Qc7 27. Bxe5 Nxe5 28. Qf4 {[%emt 0:01:42] Repels Ng4} Qb6+ 29. Kh1 f6 30. b3 Rd8 31. Rxd8+ Qxd8 $11 {[%emt 0:00:06][%mdl 4096] Endgame. KQN-KQN} 32. h3 Qd3 33. Qc1 h5 34. Qe1 Qd4 {[%emt 0:06:35] The position is equal.} 35. Nb5 Qb2 36. Qd1 Qxa2 37. Qxh5 Qxb3 38. Qe8+ {[%emt 0:00:06] Weighted Error Value: White=0.06 (flawless) /Black=0.05 (flawless) .  Inaccurate:     	White=3     	Black=1      OK:         	White=8     	Black=13     Best:        	White=3     	Black=1      Strong:       	White=1     	---} 1/2-1/2

[Event "Romanian Championship 2024"]
[Site "Eforie Nord"]
[Date "2024.02.26"]
[Round "3.11"]
[White "Cosma, Ioan"]
[Black "Craciun, Sasha-Matei"]
[Result "1-0"]
[ECO "D56"]
[WhiteElo "2316"]
[BlackElo "2080"]
[Annotator "TA"]
[PlyCount "119"]
[EventDate "2024.02.24"]
[EventType "swiss"]
[EventCountry "ROU"]
[SourceTitle "playchess.com"]
[Source "ChessBase"]
[SourceQuality "1"]
[TimeControl "40/5400+30:900+30"]

1. c4 e6 2. Nc3 d5 3. d4 Be7 4. Nf3 Nf6 5. Bg5 h6 6. Bh4 Nbd7 7. e3 O-O 8. c5 c6 9. b4 b6 (9... a5 $142 10. b5 e5) 10. Qa4 (10. Bd3 $11) 10... Bb7 11. Ba6 $1 Qc8 12. Bxb7 Qxb7 13. Rb1 $1 b5 14. Qc2 a5 15. a3 axb4 16. axb4 Rfe8 17. O-O Bd8 18. Ra1 Bc7 19. Bg3 Bxg3 20. hxg3 Rxa1 21. Rxa1 Ra8 22. Qb2 Ra6 23. Nd2 Nb8 24. Nb3 Rxa1+ 25. Qxa1 Na6 26. Qa5 {[%emt 0:01:27] aiming for Qd8+.} Kh7 27. Nc1 Nc7 28. Nd3 Ng4 {[%emt 0:02:48] [#]} ({Black should try} 28... Nfe8 $14) 29. Ne2 ({Much less strong is} 29. Qb6 $6 Qa8 30. Qa5 (30. Qxc7 $2 Qa1+) 30... Qc8 $14) ({Better is} 29. Nd1 $1 $16) 29... h5 30. Ne5 Na6 31. Nf4 Nxe5 32. dxe5 $16 {[%emt 0:00:06][%mdl 4096] Endgame. KQN-KQN} g6 33. Ne2 Nb8 $2 (33... Kg7 $14) 34. Nd4 (34. Qd8 $18 {Strongly threatening Qf8.} Kg7 35. Nd4) 34... Kg7 (34... Nd7 $16) 35. f4 (35. Qd8 $18) 35... Kf8 (35... Qc8 $16 {was called for.}) 36. Kh2 $2 (36. Qd8+ $18 {is the precise move to win.} Kg7 37. Nf3) 36... Ke7 37. Kh3 Kd7 38. g4 {[%emt 0:00:43] White has more active pieces.} hxg4+ 39. Kxg4 Qa6 {[%emt 0:00:06] [#]} 40. Qb6 $1 Qxb6 (40... Qc8 $16 41. Qa7+ Qc7) 41. cxb6 {[%emt 0:05:28] And now Kg5 would win. KN-KN} Na6 42. Kg5 Nxb4 43. Kf6 Na6 $2 (43... c5 44. Nxb5 Kc6) 44. Kxf7 $18 b4 45. g4 ({Less strong is} 45. Kxg6 c5 46. Ne2 b3 $16) 45... Nc5 46. f5 {[%emt 0:01:21] White mates.} exf5 47. gxf5 (47. Kxg6 $2 {too greedy.} fxg4 $19) 47... gxf5 48. e6+ Nxe6 49. Nxe6 {[%emt 0:00:04] KN-KP} Kc8 50. Nc5 d4 51. exd4 {[%emt 0:02:20] KN-K3P} f4 52. Ke6 b3 53. Nxb3 {[%emt 0:00:24] KN-KPP} Kb7 54. Nd2 Kxb6 55. Ke5 Kb5 56. Kxf4 Kb4 57. Ne4 Kc4 58. Ke5 Kd3 59. Nc5+ Kc4 60. Ne6 {[%emt 0:00:13] Weighted Error Value: White=0.16 (very precise) /Black=0.37.  Loses game:     	---       	Black=2      Missed win:     	White=1     	---        Mistake:       	White=4     	Black=5      Inaccurate:     	White=1     	Black=3      OK:         	White=11    	Black=5      Best:        	White=3     	Black=5      Strong:       	White=3     	---} 1-0

[Event "Romanian Championship 2024"]
[Site "Eforie Nord"]
[Date "2024.02.26"]
[Round "3.12"]
[White "Ciorgovean, Iustin"]
[Black "Radu, David Cr."]
[Result "0-1"]
[ECO "A79"]
[WhiteElo "2310"]
[BlackElo "2142"]
[Annotator "TA"]
[PlyCount "140"]
[EventDate "2024.02.24"]
[EventType "swiss"]
[EventCountry "ROU"]
[SourceTitle "playchess.com"]
[Source "ChessBase"]
[SourceQuality "1"]
[TimeControl "40/5400+30:900+30"]

1. d4 Nf6 2. c4 c5 3. d5 e6 4. Nc3 exd5 5. cxd5 d6 6. Nf3 g6 7. Nd2 Bg7 8. e4 O-O 9. Be2 Na6 10. O-O Nc7 11. a4 Re8 12. f3 b6 13. Nc4 Ba6 14. Bg5 Qd7 15. Rb1 Bxc4 16. Bxc4 a6 17. Qd2 b5 {[%emt 0:03:32] Weiß steht etwas besser.} 18. axb5 axb5 19. Be2 c4 20. Kh1 Rec8 ({Viel schwächer wäre} 20... b4 $6 21. Nd1 $16) (20... Qe7 $11) 21. Rfc1 ({Vorzuziehen ist} 21. b3 $14) 21... Rcb8 22. Bf1 Qe8 (22... Na6 $11) 23. Qf4 $14 Qe5 24. Qxe5 dxe5 25. Nd1 Nce8 26. b3 cxb3 27. Rxb3 Nd6 28. Rcb1 Nd7 29. Nc3 (29. Bxb5 $2 {zu gefräßig.} Rxb5 30. Rxb5 Nxb5 31. Rxb5 Ra1 $19) 29... Bf8 30. Bxb5 Nc5 31. R3b2 Ra3 32. Bd2 {[%emt 0:02:50] Das Läuferpaar ist gut.} Rc8 (32... f5 $14) 33. Bf1 $16 f5 34. exf5 gxf5 35. Rb8 ({Günstiger ist} 35. Nb5 $16 Nxb5 36. Rxb5) 35... Rxb8 $11 36. Rxb8 Kf7 37. Nb5 Ra1 38. Kg1 {[%emt 0:00:54][%cal Ob8f8] Und jetzt Rxf8+! wäre schön.} Nc4 39. Bb4 (39. Bc3 $11 Rc1 40. Kf2 Rc2+ 41. Kg1) 39... Nd7 $1 $17 40. Rxf8+ Nxf8 41. Nd6+ Nxd6 42. Bxd6 {[%emt 0:00:04][%mdl 4096] Endspiel. KRN-KB} Ng6 43. Bc7 Rc1 44. Bb8 (44. d6 $17 {ist wohl besser.} Nf8 45. Kf2) 44... Kf6 45. g3 Ne7 46. f4 (46. d6 {war die einzige Verteidigung.} Nc6 47. Bc7) 46... Nxd5 $2 (46... e4 $19 {ist viel giftiger.} 47. Be5+ Kf7) 47. Bxe5+ Ke6 {[%emt 0:00:03] Schwarz steht aktiver.} 48. Kf2 {[%emt 0:01:14] [#] Pariert Ne3.} (48. Bd4 $17) 48... Ne3 $1 $19 49. Bd3 (49. Bb5 Ng4+) 49... Ng4+ 50. Kg2 Nxe5 51. fxe5 Kxe5 {[%emt 0:00:20] KR-KB} 52. Kf3 $2 {[%emt 0:01:05] [#]} (52. Bb5 $19) 52... Rc3 53. Ke3 Ra3 {[%emt 0:00:08] ...Rb3 ist eine echte Drohung.} 54. h3 h6 {[%emt 0:00:55] Schwarz setzt Matt.} 55. h4 h5 56. Ke2 f4 57. gxf4+ Kxf4 58. Bg6 Kg4 59. Kf2 Ra2+ 60. Ke3 Kxh4 61. Kf3 Ra3+ 62. Kf4 Ra6 63. Bd3 Rf6+ 64. Ke5 Rf8 65. Bg6 Kg4 66. Ke4 Rf6 67. Bh7 Re6+ 68. Kd5 Re7 69. Bc2 h4 70. Kd6 Re1 {[%emt 0:00:08] Gewichteter Fehlerwert: Weiß=0.53/Schwarz=0.16 (sehr präzise) .  Verlustzug:     	Weiß=2     	---        Gewinn verpasst:   	---       	Schwarz=1     Fehler:       	Weiß=5     	Schwarz=3     Ungenau:       	Weiß=3     	Schwarz=2     OK:         	Weiß=14    	Schwarz=16    Bester:       	Weiß=2     	Schwarz=6     Brilliant:      	---       	Schwarz=1} 0-1

[Event "Romanian Championship 2024"]
[Site "Eforie Nord"]
[Date "2024.02.26"]
[Round "3.13"]
[White "Sava, Robert-Gabriel"]
[Black "Ghimpu, Samuel-Timotei"]
[Result "0-1"]
[ECO "A48"]
[WhiteElo "2053"]
[BlackElo "2467"]
[Annotator "RC"]
[PlyCount "108"]
[EventDate "2024.02.24"]
[EventType "swiss"]
[EventCountry "ROU"]
[SourceTitle "playchess.com"]
[Source "ChessBase"]
[SourceQuality "1"]
[TimeControl "40/5400+30:900+30"]

1. d4 Nf6 2. Nf3 g6 3. e3 Bg7 4. Bd3 O-O 5. Nbd2 d6 6. O-O Nc6 7. e4 Nh5 8. d5 Nb4 9. Bc4 c6 10. a3 Na6 11. Bxa6 bxa6 12. c4 cxd5 13. cxd5 a5 14. Nb3 e5 15. Bd2 f5 16. Nxa5 fxe4 17. Nc6 Qd7 18. Ng5 Nf6 19. Be3 Ba6 20. Qa4 Bxf1 21. Rxf1 Bh6 22. Ne6 Bxe3 23. fxe3 Nxd5 24. Nxf8 Rxf8 25. Rxf8+ Kxf8 26. Qc4 Nxe3 27. Qxe4 Nf5 28. Nb4 Qa4 29. Qd5 a5 30. g4 Ne7 31. Qf3+ Kg7 32. g5 Kg8 33. Qf6 Qd7 34. Nd3 a4 35. Kg2 Nd5 36. Qf3 Qc6 37. Kg1 Qc4 38. Qh3 Ne7 39. Qd7 Qd4+ 40. Nf2 Kf7 41. Qh3 Qxb2 42. Qxh7+ Ke6 43. Qh3+ Nf5 44. Qg4 Qc1+ 45. Kg2 Qc6+ 46. Kg1 d5 47. h4 Qc4 48. Qxc4 dxc4 49. Ne4 Kd5 50. Nc3+ Kd4 51. Nxa4 c3 52. Nxc3 Kxc3 53. Kf2 e4 54. a4 Kd2 0-1

[Event "Romanian Championship 2024"]
[Site "Eforie Nord"]
[Date "2024.02.26"]
[Round "3.14"]
[White "Antonica, Dragos-Andrei"]
[Black "Negrean, Andrei"]
[Result "0-1"]
[ECO "A19"]
[WhiteElo "2366"]
[BlackElo "1990"]
[Annotator "TA"]
[PlyCount "46"]
[EventDate "2024.02.24"]
[EventType "swiss"]
[EventCountry "ROU"]
[SourceTitle "playchess.com"]
[Source "ChessBase"]
[SourceQuality "1"]
[TimeControl "40/5400+30:900+30"]

1. c4 Nf6 2. Nc3 c5 3. g3 e6 4. e4 Nc6 5. Bg2 d5 6. cxd5 exd5 7. exd5 Nb4 8. d3 {[%emt 0:06:16] Die Stellung ist ausgeglichen.} c4 (8... Be7 $11 {hält das Gleichgewicht.}) 9. dxc4 $16 {[%emt 0:25:21] Droht a3 und aus.} Bf5 {[%emt 0:00:21] [#]} 10. Nf3 (10. Kf1 $1 $16) 10... Nc2+ $11 11. Kd2 (11. Kf1 $11 {bleibt in der Remisbreite.} Nxa1 12. Nd4) 11... Nxa1 $17 12. Re1+ (12. Nd4 $17 Qd7 13. Nxf5 Qxf5 14. Rf1) 12... Be7 $19 {[%emt 0:00:59] ...0-0 ist eine echte Drohung.} 13. Nd4 {[%emt 0:00:16] [#]} Bg6 {[%emt 0:04:23] Und ...0-0 würde nun gewinnen.} 14. Qa4+ Kf8 15. b4 {[%emt 0:05:41] Wehrt Bc5 ab} (15. b3 {war angesagt.} Kg8 16. Ba3) 15... a5 16. c5 Nd7 17. d6 Bf6 18. Ncb5 (18. Bxb7 Rb8 19. Qxa5 (19. Nc6 $2 Bxc3+ 20. Kxc3 Qf6+ 21. Kd2 Qf5 $19) 19... Bxd4 (19... Rxb7 20. Qxd8+ Bxd8 21. Nd5 $15) (19... Qxa5 20. bxa5 Nxc5 21. d7 $19) 20. Qxd8+ Rxd8 21. c6) 18... axb4 {[%emt 0:05:09] Schwarz steht klar auf Gewinn.} 19. Qxb4 Rxa2+ 20. Bb2 {[%emt 0:00:08] [#]} Nc2 $1 21. Nxc2 (21. Qc3 Rxb2) 21... Rxb2 22. Nc7 Rxb4 23. Nxb4 Nxc5 {[%emt 0:00:09] Gewichteter Fehlerwert: Weiß=1.21/Schwarz=0.51.  Fehler:       	Weiß=5     	Schwarz=1     Ungenau:       	---       	Schwarz=1     OK:         	Weiß=2     	Schwarz=2     Bester:       	Weiß=4     	Schwarz=6} 0-1

[Event "Romanian Championship 2024"]
[Site "Eforie Nord"]
[Date "2024.02.26"]
[Round "3.15"]
[White "Bonte, Andrei-Mihai"]
[Black "Vedmediuc, Artiom"]
[Result "1-0"]
[ECO "D03"]
[WhiteElo "2266"]
[BlackElo "2034"]
[Annotator "TA"]
[PlyCount "63"]
[EventDate "2024.02.24"]
[EventType "swiss"]
[EventCountry "ROU"]
[SourceTitle "playchess.com"]
[Source "ChessBase"]
[SourceQuality "1"]
[TimeControl "40/5400+30:900+30"]

1. d4 d5 2. Nf3 Nf6 3. c3 e6 4. Bf4 Bd6 5. e3 O-O 6. Nbd2 c5 7. Ne5 b6 8. Bd3 Bb7 9. Bg5 Be7 10. Qf3 Nbd7 11. h4 (11. Bf4 {vereinfacht} Nxe5 12. dxe5 Nd7 13. Bc2) 11... Re8 12. Bf4 Qc8 {[%emt 0:03:03] Die Stellung ist ausgeglichen.} 13. h5 cxd4 14. exd4 Nxe5 15. Bxe5 {[%emt 0:00:42] h6 wäre nun fies.} (15. dxe5 {vereinfacht} Nd7 16. Qe3 f5 17. O-O) 15... Nd7 $2 {[%emt 0:08:44][%mdl 8192] [#]} (15... h6 $11) 16. Bxh7+ $1 $18 Kxh7 (16... Kf8 17. h6) 17. Qxf7 (17. h6 $142 Bf6 18. hxg7+ Kxg7 19. Qf4) 17... Nxe5 18. dxe5 {[%emt 0:00:06] Weiss will mit h6 Matt setzen.} Bg5 (18... Rf8 $18 19. Qg6+ (19. Qxe7 Qc5 $18) 19... Kg8) 19. Qg6+ (19. h6 $142 Bxh6 20. Rxh6+ (20. Nf3 Kh8 $18) 20... Kxh6 21. O-O-O Qxc3+ 22. bxc3 g6 23. Rh1+ (23. Qxb7 Rf8 24. Rh1+ Kg5 25. Qe7+ Kf5 26. Nf3 Rfe8 27. Qg5+ Ke4 28. Qxg6+ Kf4 29. Rh4#) 23... Kg5 24. Qf6+ Kg4 25. Rh4#) 19... Kg8 20. Qxg5 Rf8 21. h6 Rf7 (21... Qc7 $142 22. Nf3 Rf5) 22. Nf3 {[%emt 0:04:53] Droht Matt per h7+.} Qd7 23. Nd4 (23. h7+ $142 Kh8 24. Nh4 Rf6 25. exf6 Qf7 26. Ng6+ (26. fxg7+ Qxg7 27. Ng6+ Qxg6 28. Qxg6 Rf8 29. Qg5 Bc8 30. Qe5+ Rf6 31. Qxf6#) 26... Qxg6 27. Qxg6 Rg8 28. hxg8=N+ Kxg8 29. Qxg7#) 23... Raf8 24. f3 Bc8 25. O-O-O Qa4 (25... Qe7 $142 26. Qg6 Qe8) 26. Rh4 {[%emt 0:00:00] jetzt Rdh1 und aus.} Qxa2 {[%emt 0:00:14] Schwarz hat schwache schwarze Felder} 27. Rdh1 Qa1+ 28. Kc2 Qa4+ 29. Nb3 (29. Kd2 $142 g6 30. Qxg6+ (30. Nxe6 Bxe6 31. Qxg6+ Kh8 $18) 30... Kh8 31. Rg4 (31. Nxe6 Bxe6 32. Rxa4 Bf5 $18) 31... Qxd4+ 32. cxd4 (32. Rxd4 Rg8 33. Qxf7 Rxg2+ 34. Kc1 Bd7 35. h7 Rc2+ 36. Kxc2 Ba4+ 37. Rxa4 b5 38. Qg8#) 32... Rh7 33. Qg7+ Rxg7 34. hxg7+ Kg8 35. Rh8+ Kf7 36. gxf8=Q#) 29... Qd7 30. hxg7 {[%emt 0:00:00] Weiß setzt Matt.} Rxg7 31. Rh8+ Kf7 32. Qf6+ {[%emt 0:00:00] Nach der Eröffnung ein Spiel auf ein Tor.   Gewichteter Fehlerwert: Weiß=0.99/Schwarz=1.12.  Verlustzug:     	---       	Schwarz=1     Fehler:       	Weiß=1     	Schwarz=2     Ungenau:       	Weiß=1     	Schwarz=4     OK:         	Weiß=1     	Schwarz=2     Bester:       	Weiß=2     	Schwarz=1     Brilliant:      	Weiß=1     	---} 1-0

[Event "Romanian Championship 2024"]
[Site "Eforie Nord"]
[Date "2024.02.26"]
[Round "3.16"]
[White "Mintau, Andrei-Catalin"]
[Black "Tudor, Henry Edward"]
[Result "0-1"]
[ECO "B90"]
[WhiteElo "2039"]
[BlackElo "2239"]
[Annotator "TA"]
[PlyCount "104"]
[EventDate "2024.02.24"]
[EventType "swiss"]
[EventCountry "ROU"]
[SourceTitle "playchess.com"]
[Source "ChessBase"]
[SourceQuality "1"]
[TimeControl "40/5400+30:900+30"]

1. e4 c5 2. Nf3 d6 3. d4 cxd4 4. Nxd4 Nf6 5. Nc3 a6 6. a4 e5 7. Nf3 h6 8. Bc4 Be6 9. Qe2 Nbd7 10. O-O Rc8 11. Ba2 {[%emt 0:00:08] White has an edge.} Qc7 12. Nh4 Bxa2 13. Rxa2 Qc4 14. Qxc4 Rxc4 15. Nf5 Nxe4 16. Nxe4 Rxe4 17. b3 d5 18. c3 {[%emt 0:09:03] Black must now prevent f3.} g6 19. f3 Bc5+ 20. Kh1 Rxa4 21. Rxa4 gxf5 22. Ra5 ({White should play} 22. f4 $16) 22... Ke7 $14 23. b4 b6 24. Rxa6 Bd6 25. f4 e4 26. Be3 Rc8 27. Ra3 (27. Bxb6 $2 Nxb6 (27... Rxc3 28. Bd8+ Ke6 29. g4 $15) 28. Rxb6 Rxc3 $19) 27... Ke6 28. g3 Be7 29. Bd4 Bf6 30. Rd1 Bxd4 31. Rxd4 $11 {[%emt 0:00:00][%mdl 4096] Endgame. KRR-KRN} Nf6 32. Ra6 Nd7 33. Ra3 Rc6 (33... Nf6 $11) 34. Kg2 (34. b5 $16 Rc5 35. Rb4) 34... Nf6 35. h3 Ne8 $1 36. b5 Rc5 37. Ra6 Rxb5 38. Rb4 Rxb4 39. cxb4 {[%emt 0:00:01] KR-KN} d4 40. Rxb6+ Nd6 {[%emt 0:00:00] aiming for ...Kd7.} 41. Rc6 $1 {[%emt 0:08:54] Kf2 would now be deadly.} d3 {[%emt 0:07:53] ...d2 is the strong threat.} 42. Rc5 $1 Nb5 $1 {[%emt 0:00:38] Strongly threatening ...d2.} 43. Kf2 $1 (43. Rxb5 $2 {loses.} d2 44. Rb6+ Kd7 45. Rb7+ Kd6 (45... Kc6 $2 46. Rxf7 d1=Q 47. Rxf5 $19) 46. Rxf7 d1=Q $19 (46... d1=B $2 {is the wrong capture.} 47. Kf2 $18)) 43... Nd4 44. Re5+ $2 (44. Ke3 $11) 44... Kd6 $19 {[%emt 0:00:30] ( -> ...d2)} 45. Ke3 {[%emt 0:00:00] [#]} (45. Re8 $142 Nc2 46. Kf1 (46. Rd8+ $2 Kc7 $19)) 45... d2 $1 46. Kxd2 (46. Rxe4 fxe4) 46... Nf3+ 47. Ke3 Nxe5 {[%emt 0:00:02] Black mates.} 48. fxe5+ Kxe5 49. b5 {[%emt 0:00:39] [#]} h5 $1 50. b6 Kd6 51. g4 fxg4 52. Kxe4 g3 {[%emt 0:00:10] Weighted Error Value: White=0.51/Black=0.09 (flawless) .  Loses game:     	White=1     	---        Mistake:       	White=3     	Black=2      Inaccurate:     	White=1     	Black=2      OK:         	White=13    	Black=18     Best:        	White=2     	Black=6      Strong:       	White=3     	Black=2} 0-1

[Event "Romanian Championship 2024"]
[Site "Eforie Nord"]
[Date "2024.02.26"]
[Round "3.17"]
[White "Melinte, Rares-Andrei"]
[Black "Nastore, Pavel-Alexandru"]
[Result "1/2-1/2"]
[ECO "A32"]
[WhiteElo "1989"]
[BlackElo "2182"]
[Annotator "RC"]
[PlyCount "53"]
[EventDate "2024.02.24"]
[EventType "swiss"]
[EventCountry "ROU"]
[SourceTitle "playchess.com"]
[Source "ChessBase"]
[SourceQuality "1"]
[TimeControl "40/5400+30:900+30"]

1. d4 Nf6 2. c4 e6 3. g3 c5 4. Nf3 cxd4 5. Nxd4 a6 6. Bg2 Qc7 7. O-O Be7 8. b3 O-O 9. Bb2 d6 10. Nc3 Nbd7 11. Rc1 Re8 12. Qd2 Bf8 13. Rfd1 Rb8 14. Na4 Ne5 15. Nf3 Neg4 16. Bd4 Ne4 17. Qc2 f5 18. Nd2 Nxd2 19. Qxd2 Qf7 20. h3 Nf6 21. Bxf6 Qxf6 22. Nb6 Qf7 23. e4 fxe4 24. Bxe4 Bd7 25. Qd3 g6 26. Qf3 Red8 27. Rc2 1/2-1/2

[Event "Romanian Championship 2024"]
[Site "Eforie Nord"]
[Date "2024.02.26"]
[Round "3.18"]
[White "Vilcu, Matei-Stefan"]
[Black "Dodoi, Matei-Teodor"]
[Result "1-0"]
[ECO "B12"]
[WhiteElo "2176"]
[BlackElo "1947"]
[Annotator "RC"]
[PlyCount "115"]
[EventDate "2024.02.24"]
[EventType "swiss"]
[EventCountry "ROU"]
[SourceTitle "playchess.com"]
[Source "ChessBase"]
[SourceQuality "1"]
[TimeControl "40/5400+30:900+30"]

1. e4 c6 2. d4 d5 3. e5 Bf5 4. Nf3 e6 5. Be2 Nd7 6. O-O Ne7 7. Nbd2 h6 8. Nb3 g5 9. a4 Bg7 10. a5 Rc8 11. Ne1 c5 12. c3 c4 13. Nd2 O-O 14. b3 cxb3 15. Qxb3 Qc7 16. Ba3 Rfe8 17. Bb4 Ng6 18. Nd3 Bf8 19. Rfc1 Bxd3 20. Bxd3 Nf4 21. Bf1 Bxb4 22. Qxb4 Nb8 23. g3 Nc6 24. Qb2 Ng6 25. c4 Qd7 26. Bg2 dxc4 27. Rxc4 Nce7 28. Ne4 Nd5 29. Rxc8 Rxc8 30. Nd6 Rc7 31. Bxd5 exd5 32. Rc1 Rxc1+ 33. Qxc1 Ne7 34. Qc5 a6 35. Qb6 Nc6 36. Nxb7 Nxd4 37. Qxd4 Qxb7 38. Qb6 Qe7 39. Qxa6 Qxe5 40. Qxh6 Qe1+ 41. Kg2 Qxa5 42. Qxg5+ Kh7 43. h4 Qa8 44. Kh2 Qa2 45. Qf6 Kg8 46. h5 Qe2 47. h6 Qh5+ 48. Kg2 Qg6 49. Qxg6+ fxg6 50. Kf3 Kh7 51. Kf4 Kxh6 52. Ke5 Kg5 53. Kxd5 Kf5 54. f3 Kf6 55. g4 Kg7 56. Ke6 Kh6 57. Kf6 g5 58. Kf5 1-0

[Event "Romanian Championship 2024"]
[Site "Eforie Nord"]
[Date "2024.02.26"]
[Round "3.19"]
[White "Danila, Tudor-Gabriel"]
[Black "Pisu, Robert-Daniel"]
[Result "1-0"]
[ECO "B11"]
[WhiteElo "1901"]
[BlackElo "2154"]
[Annotator "RC"]
[PlyCount "83"]
[EventDate "2024.02.24"]
[EventType "swiss"]
[EventCountry "ROU"]
[SourceTitle "playchess.com"]
[Source "ChessBase"]
[SourceQuality "1"]
[TimeControl "40/5400+30:900+30"]

1. e4 c6 2. Nc3 d5 3. Nf3 Nf6 4. e5 Ne4 5. Ne2 Qb6 6. d4 e6 7. Ng3 c5 8. Bd3 Nxg3 9. fxg3 Nc6 10. O-O cxd4 11. a3 Be7 12. b4 a6 13. g4 Bd7 14. Kh1 O-O-O 15. Qe2 f6 16. Bf4 Rdf8 17. Bg3 h5 18. gxh5 f5 19. Nh4 Be8 20. Ng6 Bxg6 21. hxg6 Bg5 22. Rab1 Nd8 23. a4 Be3 24. a5 Qc7 25. Bf4 Bxf4 26. Rxf4 Nc6 27. b5 axb5 28. Re1 Qxa5 29. Bxb5 Na7 30. Rb1 Nxb5 31. Rxb5 Qc3 32. Rf3 Qa1+ 33. Rf1 Qa6 34. Rfb1 Re8 35. Rc5+ Kd8 36. Qxa6 bxa6 37. Rb8+ Kd7 38. Rb7+ Kd8 39. Rxg7 Rhg8 40. Ra7 Rxg6 41. Rcc7 Reg8 42. Rh7 1-0

[Event "Romanian Championship 2024"]
[Site "Eforie Nord"]
[Date "2024.02.26"]
[Round "3.20"]
[White "Voiteanu, Gabriel"]
[Black "Costescu, Mihnea-Constantin"]
[Result "1-0"]
[ECO "E12"]
[WhiteElo "2151"]
[BlackElo "1944"]
[Annotator "RC"]
[PlyCount "101"]
[EventDate "2024.02.24"]
[EventType "swiss"]
[EventCountry "ROU"]
[SourceTitle "playchess.com"]
[Source "ChessBase"]
[SourceQuality "1"]
[TimeControl "40/5400+30:900+30"]

1. d4 Nf6 2. c4 e6 3. Nf3 b6 4. a3 Bb7 5. Nc3 d5 6. cxd5 Nxd5 7. Bd2 Be7 8. Qc2 O-O 9. e4 Nxc3 10. Bxc3 c5 11. O-O-O cxd4 12. Nxd4 Qc8 13. h4 Nc6 14. Rh3 Nxd4 15. Rxd4 Bc5 16. Rd2 e5 17. Bxe5 Qe6 18. f4 Rfc8 19. Bc4 Be3 20. Bxe6 Bxd2+ 21. Kxd2 Rxc2+ 22. Kxc2 Bxe4+ 23. Kc3 fxe6 24. Rg3 g6 25. Kd4 Bf5 26. h5 Rd8+ 27. Kc4 Rd5 28. a4 a6 29. Bd4 b5+ 30. axb5 axb5+ 31. Kc3 Kf7 32. h6 Be4 33. Be5 Bf5 34. Re3 Ke7 35. Kb4 Bd3 36. Re1 g5 37. fxg5 Kf7 38. g4 Kg6 39. Bf6 e5 40. Kc3 Bc4 41. Ra1 Rd6 42. Ra7 Bf7 43. Bxe5 Rc6+ 44. Kd3 Rc4 45. Bd4 Rc6 46. b3 Rd6 47. Ke4 Re6+ 48. Kf4 Re1 49. Be3 Rf1+ 50. Ke5 Re1 51. Ra6+ 1-0